 Dungeon Crawl Stone Soup version 0.25.0-26-g0c896c7088 (webtiles) character file.

Game seed: 6681418400843979473

29729 DungeonDestroyer the Blocker (level 13, -2/104 HPs)
             Began as a Gnoll Fighter on July 1, 2020.
             Was a High Priest of Okawaru.
             Killed from afar by Jorgrun (15 damage)
             ... with an iron shot
             ... while petrified by Jorgrun
             ... on level 14 of the Dungeon on July 2, 2020.
             The game lasted 00:41:07 (19409 turns).

DungeonDestroyer the Blocker (Gnoll Fighter)       Turns: 19409, Time: 00:41:07

Health: -2/104     AC: 22    Str: 27    XL:     13   Next: 47%
Magic:  21/25      EV:  2    Int: 13    God:    Okawaru [*****.]
Gold:   575        SH:  0    Dex: 17    Spells: 20/28 levels left

rFire    . . .     SeeInvis .   b - +5 broad axe (flame)
rCold    . . .     Gourm    .   c - +1 kite shield
rNeg     + + +     Faith    .   v - +4 scale mail
rPois    ∞         Spirit   .   (no helmet)
rElec    +         Reflect  .   A - +1 cloak of the Sharp Hot Ocelot {rElec Int+2 Dex+2}
rCorr    .         Harm     .   y - +0 pair of gloves
MR       .....                  t - +0 pair of boots
Stlth    +++.......             z - amulet of the acrobat
HPRegen  0.27/turn              j - +4 ring of protection
MPRegen  0.19/turn              B - +6 ring of strength

@: petrified, finesse, very slightly contaminated, invisible
A: distributed training, fangs 1, hooves 1, clumsy 1, strong nose
a: Heroism, Finesse, Renounce Religion


You were on level 14 of the Dungeon.
You worshipped Okawaru.
Okawaru was extremely pleased with you.
You were full.

You visited 3 branches of the dungeon, and saw 18 of its levels.

You collected 924 gold pieces.
You spent 349 gold pieces at shops.

Inventory:

Hand Weapons
 b - a +5 broad axe of flaming (weapon)
 u - the +7 spear "Govuraf" {vorpal, Dex+3 Stlth+}
   (You took it off an orc warrior on level 9 of the Dungeon)

   It inflicts extra damage upon your enemies.
   It affects your dexterity (+3).
   It makes you more stealthy.
Missiles
 a - 24 sling bullets
 i - 71 stones (quivered)
 m - 77 arrows
 n - 72 bolts
Armour
 c - a +1 kite shield (worn)
 t - a +0 pair of boots (worn)
 v - a +4 scale mail (worn)
 y - a +0 pair of gloves (worn)
 A - the +1 cloak of the Sharp Hot Ocelot (worn) {rElec Int+2 Dex+2}
   (Okawaru gifted it to you on level 14 of the Dungeon)

   It affects your intelligence (+2).
   It affects your dexterity (+2).
   It insulates you from electricity.
 D - a +1 cloak of preservation
Jewellery
 j - a +4 ring of protection (left hand)
 z - an amulet of the acrobat (around neck)
 B - a +6 ring of strength (right hand)
 J - an uncursed ring of flight
Wands
 h - a wand of digging (3)
 r - a wand of polymorph (4)
 s - a wand of disintegration (15)
 C - a wand of iceblast (7)
 F - a wand of flame (11)
 K - a wand of enslavement (1)
Scrolls
 g - 9 scrolls of teleportation
 k - 7 scrolls of amnesia
 w - 4 scrolls of identify
 x - 2 scrolls of brand weapon
 E - 2 scrolls of enchant armour
 I - 4 scrolls of remove curse
 M - 2 scrolls of fog
Potions
 d - a potion of might
 e - 2 potions of berserk rage
 l - a potion of mutation
 o - 4 potions of stabbing
 p - a potion of flight
 q - a potion of invisibility
 G - 2 potions of curing
Comestibles
 f - 15 rations
 H - 3 chunks of flesh


   Skills:
 + Level 10.4 Fighting
 + Level 8.2 Short Blades
 + Level 8.2 Long Blades
 + Level 9.4 Axes
 + Level 8.2 Maces & Flails
 + Level 8.2 Polearms
 + Level 8.2 Staves
 + Level 8.2 Slings
 + Level 8.2 Bows
 + Level 8.2 Crossbows
 + Level 8.2 Throwing
 + Level 10.4 Armour
 + Level 8.2 Dodging
 + Level 8.2 Stealth
 + Level 10.4 Shields
 + Level 8.3 Unarmed Combat
 + Level 8.2 Spellcasting
 + Level 6.8 Conjurations
 + Level 6.8 Hexes
 + Level 6.8 Charms
 + Level 6.8 Summonings
 + Level 6.8 Necromancy
 + Level 6.8 Translocations
 + Level 6.8 Transmutations
 + Level 6.8 Fire Magic
 + Level 6.8 Ice Magic
 + Level 6.8 Air Magic
 + Level 6.8 Earth Magic
 + Level 6.8 Poison Magic
 + Level 9.0 Invocations
 + Level 8.2 Evocations


You had 20 spell levels left.
You knew the following spells:

 Your Spells              Type           Power        Failure   Level  Hunger
a - Ensorcelled Hibernat  Hex/Ice        ###...       4%          2    None
b - Tukima's Dance        Hex            ###.....     9%          3    ##.....
c - Ozocubu's Armour      Chrm/Ice       ###.....     9%          3    ##.....

Your spell library contained the following spells:

 Spells                   Type           Power        Failure   Level  Hunger
 Corona                   Hex            ###....      2%          1    None
 Freeze                   Ice            ###.         2%          1    None
 Summon Small Mammal      Summ           ###.         2%          1    None
 Call Imp                 Summ           ###.....     4%          2    None
 Call Canine Familiar     Summ           ###.....     9%          3    ##.....
 Confusing Touch          Hex            ###.....     9%          3    ##.....
 Dazzling Flash           Conj/Hex       ###...       9%          3    ##.....
 Frozen Ramparts          Ice            ###...       9%          3    ##.....
 Summon Guardian Golem    Hex/Summ       ###.....     9%          3    ##.....
 Hailstorm                Conj/Ice       ###.....     28%         4    ####...
 Summon Ice Beast         Ice/Summ       ###.....     28%         4    ####...
 Summon Lightning Spire   Summ/Air       ###.....     28%         4    ####...


Dungeon Overview and Level Annotations

Branches:
Dungeon (14/15)            Temple (1/1) D:5            Lair (3/6) D:9
    Orc (0/2) D:10
  Swamp: Lair:2-4    Shoals: Lair:2-4     Snake: Lair:2-4    Spider: Lair:2-4
 Vaults: D:13-14

Altars:
Ashenzari
Cheibriados
Dithmenos
Elyvilon
Fedhas
Gozag
Hepliaklqana
Kikubaaqudgha
Makhleb
Nemelex Xobeh
Okawaru
Qazlal
Ru
Sif Muna
Trog
Uskayaw
Vehumet
Wu Jian
Xom
Yredelemnul
Zin
The Shining One

Shops:
D:4 (   D:5 *   D:6 =   D:8 %}*[

Annotations:
D:13 Rupert
D:14 Jorgrun


Innate Abilities, Weirdness & Mutations

Your experience applies equally to all skills.
You have very sharp teeth.
Your uncanny sense of smell can sniff out nearby items.
You have large cloven feet.
You are clumsy. (Dex -2)


Message History

You have turned to stone.
Jorgrun hits you but does no damage.
Jorgrun hits you with a +0 vorpal quarterstaff!
* * * LOW HITPOINT WARNING * * *
x2 Jorgrun points at you and mumbles some strange words.
You struggle to resist.
Jorgrun hits you but does no damage.
Jorgrun hits you with a +0 vorpal quarterstaff!
* * * LOW HITPOINT WARNING * * *
x2 Jorgrun gestures at something while chanting.
The wall shatters!
The blast of rock fragments hits you!
* * * LOW HITPOINT WARNING * * *
The blast of rock fragments hits Jorgrun!!
You feel like a meek peon again.
Jorgrun hits you with a +0 vorpal quarterstaff!
* * * LOW HITPOINT WARNING * * *
Jorgrun says, "May tha earth consume ye!"
Jorgrun gestures at you while chanting. The iron shot hits you!!
You die...

#############
#........@g<#
########.#########.#
.........#########......#
..)................###.##
##################..
##### ########### #...#
#.......# #...# #.#####.#
#...# ###.# #.#


You could see Jorgrun.

Vanquished Creatures
  Erolcha (D:10)
  2 centaur warriors (D:14)
  4 two-headed ogres
  2 hydras
  A death yak (Lair:2)
  Urug (Lair:2)
  3 skeletal warriors (D:12)
  An unseen horror (D:11)
  A wizard (D:14)
  A deep elf mage (D:12)
  An oklob plant (Lair:1)
  6 ugly things
  3 cyclopes
  3 elephants (Lair:2)
  3 centaur skeletons
  2 spiny frogs (Lair:2)
  A komodo dragon (Lair:3)
  A yaktaur (D:14)
  2 trolls (D:14)
  2 hornets
  5 hippogriffs
  4 slime creatures (D:12)
  A shadow (D:14)
  3 basilisks
  6 yaks
  3 hungry ghosts
  A steam dragon (D:12)
  5 porcupines
  3 water moccasins
  3 black bears
  6 ice beasts
  7 orc warriors
  4 sky beasts
  An eye of draining (D:10)
  2 phantoms
  8 ogres
  3 crocodiles
  2 centaurs
  5 big kobolds (D:12)
  11 bullfrogs
  4 scorpions
  A wyvern skeleton (D:14)
  9 killer bees
  5 wights (D:11)
  2 electric eels (Lair:2)
  A howler monkey (D:4)
  7 crimson imps
  2 centaur zombies
  2 bullfrog zombies (D:5)
  3 bullfrog skeletons
  6 jellies
  A quasit (D:5)
  9 orc priests
  7 hounds
  10 orc wizards
  3 iguanas
  9 worker ants
  A hound zombie (D:8)
  6 gnolls
  17 adders
  2 shadow imps
  An adder skeleton (D:9)
  2 worms
  2 dart slugs (D:1)
  5 leopard geckos
  38 orcs
  5 giant cockroaches
  3 hobgoblins
  4 jackals
  4 quokkas
  3 ball pythons
  A ball python zombie (D:5)
  4 bats
  6 frilled lizards
  4 goblins
  A jackal skeleton (D:4)
  A jackal zombie (D:8)
  31 kobolds
  A leopard gecko skeleton (D:5)
  2 quokka zombies
  6 rats
  3 fungi
  2 plants
360 creatures vanquished.

Vanquished Creatures (collateral kills)
  2 slime creatures (D:12)
2 creatures vanquished.

Vanquished Creatures (others)
  An orc (D:12)
  2 fungi
  2 plants (Lair:2)
5 creatures vanquished.

Grand Total: 367 creatures vanquished

Notes
Turn   | Place    | Note
-------+----------+-------------------------------------------
     0 | D:1      | DungeonDestroyer the Gnoll Fighter began the quest for the
                  | Orb.
     0 | D:1      | Reached XP level 1. HP: 23/23 MP: 1/1
   137 | D:1      | Reached XP level 2. HP: 29/29 MP: 2/2
   614 | D:2      | Reached XP level 3. HP: 33/35 MP: 3/3
   681 | D:2      | Reached skill level 1 in Invocations
   904 | D:2      | Found an iron altar of Okawaru.
   909 | D:2      | Found a faded altar of an unknown god.
   916 | D:2      | Became a worshipper of Warmaster Okawaru
  1033 | D:2      | Found a shimmering blue altar of Sif Muna.
  1681 | D:3      | Reached skill level 1 in Short Blades
  1681 | D:3      | Reached skill level 1 in Long Blades
  1681 | D:3      | Reached skill level 1 in Maces & Flails
  1681 | D:3      | Reached skill level 1 in Polearms
  1681 | D:3      | Reached skill level 1 in Staves
  1681 | D:3      | Reached skill level 1 in Slings
  1681 | D:3      | Reached skill level 1 in Bows
  1681 | D:3      | Reached skill level 1 in Crossbows
  1681 | D:3      | Reached skill level 1 in Throwing
  1681 | D:3      | Reached skill level 1 in Dodging
  1681 | D:3      | Reached skill level 1 in Stealth
  1681 | D:3      | Reached skill level 1 in Unarmed Combat
  1681 | D:3      | Reached skill level 1 in Spellcasting
  1681 | D:3      | Reached skill level 1 in Evocations
  2007 | D:3      | Reached XP level 4. HP: 41/41 MP: 5/5
  2473 | D:3      | Found a glowing golden altar of the Shining One.
  2863 | D:3      | Found a white marble altar of Elyvilon.
  2937 | D:4      | Reached skill level 1 in Conjurations
  2937 | D:4      | Reached skill level 1 in Hexes
  2937 | D:4      | Reached skill level 1 in Charms
  2937 | D:4      | Reached skill level 1 in Summonings
  2937 | D:4      | Reached skill level 1 in Necromancy
  2937 | D:4      | Reached skill level 1 in Translocations
  2937 | D:4      | Reached skill level 1 in Transmutations
  2937 | D:4      | Reached skill level 1 in Fire Magic
  2937 | D:4      | Reached skill level 1 in Ice Magic
  2937 | D:4      | Reached skill level 1 in Air Magic
  2937 | D:4      | Reached skill level 1 in Earth Magic
  2937 | D:4      | Reached skill level 1 in Poison Magic
  2941 | D:4      | Reached XP level 5. HP: 40/47 MP: 6/6
  3001 | D:4      | Noticed a phantom
  3011 | D:4      | Killed a phantom
  3221 | D:4      | Noticed an ogre
  3225 | D:4      | Reached * piety under Okawaru
  3225 | D:4      | Reached XP level 6. HP: 53/53 MP: 8/8
  3230 | D:4      | Reached skill level 5 in Axes
  3417 | D:4      | Found a stormy altar of Qazlal.
  3480 | D:4      | Reached XP level 7. HP: 19/59 MP: 10/10
  3775 | D:4      | Found Dushim's Antique Weapon Boutique.
  4308 | D:5      | Entered Level 5 of the Dungeon
  4337 | D:5      | Reached ** piety under Okawaru
  4513 | D:5      | Found a staircase to the Ecumenical Temple.
  4603 | D:5      | Reached XP level 8. HP: 67/67 MP: 12/12
  4809 | D:5      | Found an ornate altar of the Wu Jian Council.
  4827 | D:5      | Found Hojoz's Assorted Antiques.
  4836 | D:5      | Bought a fuming red potion for 19 gold pieces
  4836 | D:5      | Bought a scroll labeled PATITS UMEANO for 22 gold pieces
  4983 | D:5      | Found an ancient bone altar of Kikubaaqudgha.
  5019 | D:5      | Found a sacrificial altar of Ru.
  5445 | D:6      | Found a white marble altar of Elyvilon.
  5602 | D:6      | Reached *** piety under Okawaru
  5762 | D:6      | Found Kickec's Jewellery Emporium.
  6181 | D:7      | Reached XP level 9. HP: 44/72 MP: 14/14
  6522 | D:7      | Found a shimmering altar of Xom.
  7042 | D:8      | Reached **** piety under Okawaru
  7416 | D:8      | Found a shadowy altar of Dithmenos.
  7442 | D:8      | Noticed a two-headed ogre
  7456 | D:8      | Killed a two-headed ogre
  7456 | D:8      | Reached skill level 5 in Invocations
  7672 | D:8      | Reached XP level 10. HP: 28/80 MP: 17/17
  8068 | D:8      | Found Kytief's Gadget Shop.
  8070 | D:8      | Found Jarghuc's Antique Armour Shop.
  8071 | D:8      | Found Oshush Rith's Food Shop.
  8072 | D:8      | Found Puzaidycy's General Store.
  8082 | D:8      | Bought a scroll of identify for 28 gold pieces
  8082 | D:8      | Bought a potion of degeneration for 14 gold pieces
  8082 | D:8      | Bought a wand of disintegration (7) for 154 gold pieces
  8082 | D:8      | Bought a potion of mutation for 112 gold pieces
  8105 | D:8      | Gained mutation: You are clumsy. (Dex -2) [potion of
                  | mutation]
  8105 | D:8      | Gained mutation: You have large cloven feet. [potion of
                  | mutation]
  8213 | D:9      | Received a gift from Okawaru
  8227 | D:10     | Entered Level 10 of the Dungeon
  8228 | D:10     | Paralysed by a hornet for 1 turns
  8257 | D:10     | Reached skill level 5 in Short Blades
  8257 | D:10     | Reached skill level 5 in Long Blades
  8257 | D:10     | Reached skill level 5 in Maces & Flails
  8257 | D:10     | Reached skill level 5 in Polearms
  8257 | D:10     | Reached skill level 5 in Staves
  8257 | D:10     | Reached skill level 5 in Slings
  8257 | D:10     | Reached skill level 5 in Bows
  8257 | D:10     | Reached skill level 5 in Crossbows
  8257 | D:10     | Reached skill level 5 in Throwing
  8257 | D:10     | Reached skill level 5 in Dodging
  8257 | D:10     | Reached skill level 5 in Stealth
  8257 | D:10     | Reached skill level 5 in Unarmed Combat
  8257 | D:10     | Reached skill level 5 in Spellcasting
  8257 | D:10     | Reached skill level 5 in Evocations
  8780 | D:8      | Reached ***** piety under Okawaru
  9006 | D:9      | Noticed a two-headed ogre
  9024 | D:9      | Killed a two-headed ogre
  9024 | D:9      | Received a gift from Okawaru
  9232 | D:9      | Noticed a two-headed ogre
  9254 | D:9      | Found a staircase to the Lair.
  9255 | D:9      | Identified the +7 spear "Govuraf" {vorpal, Dex+3 Stlth+}
  9573 | Lair:1   | Entered Level 1 of the Lair of Beasts
  9850 | Lair:1   | Noticed an oklob plant
  9866 | Lair:1   | Killed an oklob plant
  9866 | Lair:1   | Reached XP level 11. HP: 62/87 MP: 19/19
 10110 | Lair:1   | Learned a level 2 spell: Ensorcelled Hibernation
 10151 | Lair:1   | Learned a level 3 spell: Tukima's Dance
 10787 | Lair:2   | Reached skill level 5 in Conjurations
 10787 | Lair:2   | Reached skill level 5 in Hexes
 10787 | Lair:2   | Reached skill level 5 in Charms
 10787 | Lair:2   | Reached skill level 5 in Summonings
 10787 | Lair:2   | Reached skill level 5 in Necromancy
 10787 | Lair:2   | Reached skill level 5 in Translocations
 10787 | Lair:2   | Reached skill level 5 in Transmutations
 10787 | Lair:2   | Reached skill level 5 in Fire Magic
 10787 | Lair:2   | Reached skill level 5 in Ice Magic
 10787 | Lair:2   | Reached skill level 5 in Air Magic
 10787 | Lair:2   | Reached skill level 5 in Earth Magic
 10787 | Lair:2   | Reached skill level 5 in Poison Magic
 10974 | Lair:2   | Noticed a seven-headed hydra
 10984 | Lair:2   | Killed an eight-headed hydra
 12514 | Lair:2   | Identified the +6 whip of Xifodgh {drain, *Slow rElec rF+}
                  | (You found it on level 2 of the Lair of Beasts)
 12526 | Lair:3   | Noticed Urug
 12552 | Lair:2   | Killed Urug
 12801 | Lair:3   | Noticed a death yak
 13236 | Lair:3   | Noticed a death yak
 13238 | Lair:3   | Noticed a death yak
 13238 | Lair:3   | Noticed a death yak
 13241 | Lair:3   | Noticed a death yak
 13271 | Lair:2   | Killed a death yak
 13271 | Lair:2   | Received a gift from Okawaru
 13274 | Lair:2   | Got a translucent rapier {god gift}
 13276 | Lair:2   | Identified the +1 rapier "Det Guix" {vorpal, +Blink rC- rN+
                  | SInv} (Okawaru gifted it to you on level 2 of the Lair of
                  | Beasts)
 13635 | Temple   | Entered the Ecumenical Temple
 13914 | D:10     | Reached XP level 12. HP: 68/96 MP: 6/22
 14071 | D:10     | Noticed Erolcha
 14082 | D:10     | Killed Erolcha
 14344 | D:10     | Found a staircase to the Orcish Mines.
 14391 | D:10     | You fall into a shaft and drop 1 floor!
 15161 | D:5      | Learned a level 3 spell: Ozocubu's Armour
 16076 | D:12     | Noticed a seven-headed hydra
 16096 | D:12     | Noticed a two-headed ogre
 16129 | D:12     | Killed a two-headed ogre
 16204 | D:11     | Killed an eight-headed hydra
 16204 | D:11     | Received a gift from Okawaru
 16830 | D:12     | Received a gift from Okawaru
 16996 | D:12     | Reached skill level 10 in Fighting
 16996 | D:12     | Reached skill level 10 in Armour
 16996 | D:12     | Reached skill level 10 in Shields
 17629 | D:12     | Reached XP level 13. HP: 103/103 MP: 24/24
 18062 | D:13     | Noticed Rupert
 18066 | D:13     | Paralysed by Rupert for 4 turns
 18072 | D:13     | Noticed Rupert
 18072 | D:13     | Rupert changed into Rupert the azure jelly
 18562 | D:14     | Received a gift from Okawaru
 18575 | D:14     | Got an ancient cloak {god gift}
 18844 | D:14     | Identified the +1 cloak of the Sharp Hot Ocelot {rElec
                  | Int+2 Dex+2} (Okawaru gifted it to you on level 14 of the
                  | Dungeon)
 19369 | D:14     | Noticed Jorgrun
 19409 | D:14     | Killed from afar by Jorgrun

Illustrated notes

Levels and vault maps discovered:
D:1:      dpeg_arrival_tiny_i, layout_rooms, minmay_misc_feat_doors,
          palyth_stone_intersect, grunt_decor_mini_mirrors,
          nrook_mini_backslash, feat_on_display
D:2:      layout_basic, led_sif_pool, okawaru_gym_becter, first_ration,
          chequers_ecumenical_altar_simple_redux
D:3:      layout_loops_corners, nicolae_overflow_hidden_temple,
          nicolae_tso_carved_into_rock
D:4:      layout_gridville, grunt_qazlal_clouds, serial_shops, shop,
          grunt_ministairs_9, saegor_snake_ambush
D:5:      layout_loops_ring, nicolae_ru_path_of_blood, kennysheep_little_box,
          temple_pool_b, serial_shops, shop, basic_altar
D:6:      layout_loops_ring, basic_altar, serial_shops, shop
D:7:      layout_basic, kennysheep_mini
D:8:      layout_rooms, old_standard_altar, minmay_shop_grid_forest
D:9:      layout_cross, grunt_lair_entry_orc_guard_hut, uniq_maggie
D:10:     layout_roguey, orc_0_dummy, minivault_22, uniq_erolcha
D:11:     wander_river, layout_loops_cross
D:12:     layout_irregular_city, gauntlet_entry_generic
D:13:     layout_roguey, lightli_vaults_fourway_checkpoint, uniq_rupert
D:14:     layout_basic, minmay_misc_feat_plants, uniq_jorgrun
Temple:   eino_temple_lava
Lair:1:   layout_chaotic_city, grunt_megastairs_2, minmay_lair_oklob_chamber
Lair:2:   layout_roguey, serial_bayou, serial_bayou_pond_c, serial_bayou_pond_a,
          serial_bayou_pond_b, serial_bayou_shore_b,
          infiniplex_staircase_pool_2, grunt_megastairs_4
Lair:3:   layout_long_grid, grunt_megastairs_1, lemuel_fruit_tree,
          infiniplex_staircase_pool, uniq_urug

Skill      XL: |  1  2  3  4  5  6  7  8  9 10 11 12 13 |
---------------+----------------------------------------+-----
Invocations    | 1 2 3 4 5 6 7 8 9 |  9.0
Short Blades   | 1 2 3 4 5 6 7 8 |  8.2
Long Blades    | 1 2 3 4 5 6 7 8 |  8.2
Maces & Flails | 1 2 3 4 5 6 7 8 |  8.2
Polearms       | 1 2 3 4 5 6 7 8 |  8.2
Staves         | 1 2 3 4 5 6 7 8 |  8.2
Slings         | 1 2 3 4 5 6 7 8 |  8.2
Bows           | 1 2 3 4 5 6 7 8 |  8.2
Crossbows      | 1 2 3 4 5 6 7 8 |  8.2
Throwing       | 1 2 3 4 5 6 7 8 |  8.2
Dodging        | 1 2 3 4 5 6 7 8 |  8.2
Stealth        | 1 2 3 4 5 6 7 8 |  8.2
Unarmed Combat | 1 2 3 4 5 6 7 8 |  8.3
Spellcasting   | 1 2 3 4 5 6 7 8 |  8.2
Evocations     | 1 2 3 4 5 6 7 8 |  8.2
Conjurations   | 1 2 3 4 5 6 |  6.8
Hexes          | 1 2 3 4 5 6 |  6.8
Charms         | 1 2 3 4 5 6 |  6.8
Summonings     | 1 2 3 4 5 6 |  6.8
Necromancy     | 1 2 3 4 5 6 |  6.8
Translocations | 1 2 3 4 5 6 |  6.8
Transmutations | 1 2 3 4 5 6 |  6.8
Fire Magic     | 1 2 3 4 5 6 |  6.8
Ice Magic      | 1 2 3 4 5 6 |  6.8
Air Magic      | 1 2 3 4 5 6 |  6.8
Earth Magic    | 1 2 3 4 5 6 |  6.8
Poison Magic   | 1 2 3 4 5 6 |  6.8
Axes           | 5 6 7 8 9 |  9.4
Fighting       | 7 8 9 10 | 10.4
Armour         | 7 8 9 10 | 10.4
Shields        | 7 8 9 10 | 10.4

Action                   |  1- 3 |  4- 6 |  7- 9 | 10-12 | 13-15 || total
-------------------------+-------+-------+-------+-------+-------++-------
Melee: War axe           |    76 |    91 |   303 |   650 |       ||  1120
       Bite              |     7 |     8 |    42 |    99 |    25 ||   181
       Broad axe         |       |       |       |    97 |   140 ||   237
       Spear             |       |       |       |    30 |       ||    30
Invok: Heroism           |       |       |     1 |    13 |     2 ||    16
       Finesse           |       |       |       |     4 |     1 ||     5
Evoke: Wand              |       |       |       |    36 |     3 ||    39
       Phantom mirror    |       |       |       |     1 |       ||     1
  Use: Scroll            |     2 |     5 |     6 |    11 |     6 ||    30
       Potion            |     2 |     2 |     4 |     8 |     2 ||    18
 Stab: Sleeping          |       |       |       |     7 |     1 ||     8
       Invisible         |       |       |       |       |     2 ||     2
       Distracted        |       |       |       |       |     1 ||     1
  Eat: Chunk             |     3 |     5 |    10 |     6 |     4 ||    28
       Ration            |       |       |     1 |     9 |     3 ||    13
Armor: Scale mail        |    37 |    29 |   141 |   376 |    51 ||   634
Dodge: Dodged            |    20 |    22 |   138 |   461 |    54 ||   695
Block: Kite shield       |    50 |    48 |   193 |   574 |    97 ||   962
